 Dungeon Crawl Stone Soup version 0.30-a0-390-g80c34de65d (webtiles) character file.

Game seed: 5386555366440625089

101 arthad the Trooper (level 4, -7/29 HPs)
             Began as a Gargoyle Fighter on Dec 4, 2022.
             Mangled by Crazy Yiuf
             ... wielding a +4 quarterstaff of chaos
              (10 damage)
             ... on level 2 of the Dungeon.
             The game lasted 00:03:55 (1517 turns).

arthad the Trooper (Gargoyle Fighter)               Turns: 1517, Time: 00:03:56

Health: -7/29      AC: 13    Str: 22    XL:     4   Next: 75%
Magic:  4/4        EV: 13    Int:  8    God:
Gold:   93         SH:  4    Dex:  9    Spells: 3/3 levels left

rFire   . . .      SeeInvis .    a - +0 war axe
rCold   . . .      Faith    .    c - +0 buckler
rNeg    + . .      Spirit   .    b - +0 scale mail
rPois   ∞          Reflect  .    (no helmet)
rElec   +          Harm     .    (no cloak)
rCorr   .          Rampage  .    g - +2 pair of gloves
Will    .....                    (no boots)
Stlth   ..........               (no amulet)
HPRegen 0.24/turn                p - +4 ring of evasion
MPRegen 0.09/turn                (no ring)

@: brilliant
A: sickness immunity, AC +3, negative energy resistance 1, electricity
resistance, torment resistance 1, petrification resistance
a: no special abilities


You were on level 2 of the Dungeon.
You visited 1 branch of the dungeon, and saw 2 of its levels.

You collected 93 gold pieces.

Inventory:

Hand Weapons
 a - a +0 war axe (weapon)
Missiles
 o - 3 atropa-tipped darts (quivered)
 r - 3 poisoned darts
Armour
 b - a +0 scale mail (worn)
 c - a +0 buckler (worn)
 g - a +2 pair of gloves (worn)
Jewellery
 p - a +4 ring of evasion (left hand)
Wands
 m - a wand of mindburst (21)
Scrolls
 e - a scroll of magic mapping {unknown}
 f - a scroll of identify
 j - a scroll of noise {unknown}
 l - a scroll of butterflies
Potions
 d - a potion of might
 h - a potion of mutation
 k - a potion of attraction {unknown}
 q - a potion of curing {unknown}


   Skills:
 * Level 4.2 Fighting
 * Level 2.6 Axes
 + Level 3.7 Armour
 + Level 1.1 Dodging
 + Level 3.7 Shields


You had 3 spell levels left.
You didn't know any spells.
Your spell library contained the following spells:

 Spells                   Type           Power      Damage    Failure   Level
 Static Discharge         Conj/Air       0%         2-2/arc   91%         2
 Vhi's Electric Charge    Tloc/Air       0%         N/A       99%         3
 Arcjolt                  Conj/Air       0%         1d10      100%        5
 Lightning Bolt           Conj/Air       0%         1d11      100%        5


Dungeon Overview and Level Annotations

Branches:
Dungeon (2/15)

Altars:

Shops:
D:1 [

Annotations:
D:2 Crazy Yiuf


Innate Abilities, Weirdness & Mutations

You are immune to sickness and miasma.
Your stone body is resilient. (AC +3)
You are immune to poison.
You resist negative energy. (rN+)
You are resistant to electric shocks. (rElec)
You are resistant to unholy torment.
You are immune to petrification.


Message History

Could not explore, unopened runed door.
Could not explore, unopened runed door.
Could not explore, unopened runed door.
As you read the scroll labelled NYF GINWUS, it crumbles to dust.
It is a scroll of identify.
h - a potion of mutation
As you read the scroll labelled LURUEX TEFA, it crumbles to dust.
You hear the tinkle of a tiny bell.
It was a scroll of butterflies.
You open the door.
Throw: 5 darts (atropa)
Press: ? - help, Q - select action, (/) - cycle Shift-Dir - straight line, f - Crazy Yiuf
Aim: Crazy Yiuf, wielding a +4 quarterstaff of chaos and wearing a +0 cloak (60% to hit, chance to blind on hit: 75%)
You throw an atropa-tipped dart.
The atropa-tipped dart barely misses Crazy Yiuf.
Crazy Yiuf hits you with a +4 quarterstaff of chaos!
Ouch! That really hurt!
You feel your power leaking away.
Unknown command.
Throw: 4 darts (atropa)
Press: ? - help, Q - select action, (/) - cycle Shift-Dir - straight line, f/p - Crazy Yiuf
Aim: Crazy Yiuf, wielding a +4 quarterstaff of chaos and wearing a +0 cloak (60% to hit, chance to blind on hit: 75%)
You throw an atropa-tipped dart.
The atropa-tipped dart barely misses Crazy Yiuf.
Crazy Yiuf hits you with a +4 quarterstaff of chaos!
* * * LOW HITPOINT WARNING * * *
You are confused.
Unknown command.
Are you sure you want to stumble around while confused and next to your butterfly?
Okay, then.
It was a potion of brilliance.
You feel clever all of a sudden.
Crazy Yiuf hits you with a +4 quarterstaff of chaos.
* * * LOW HITPOINT WARNING * * *
Crazy Yiuf freezes you.
* * * LOW HITPOINT WARNING * * *
You are too confused!
It was a potion of magic.
Magic courses through your body.
You feel less confused.
Crazy Yiuf hits you with a +4 quarterstaff of chaos!
You die...

#.####.#
#.###.....##.####
#......# ###
##...........
########
#....#...###
#####
#...#.....##
#)()#
#####.....÷.
#...# #...>....#.
..) #.......##.
#g# #.......##.
♣@♣♣ #.......##.
♣♣b♣ #.......##.
♣b♣♣ #.......##.
♣♣b♣ #.......##.
♣♣)♣♣ ###########
♣♣..)♣ #########
♣....♣
####..(....#
##..##
#.##.#####.#
###....###.##.#
#..


You could see Crazy Yiuf.

Vanquished Creatures
  Terence (D:2)
  An adder (D:2)
  A worm (D:2)
  4 dart slugs (D:1)
  6 endoplasms
  A giant cockroach (D:2)
  5 hobgoblins
  5 ball pythons
  10 bats
  8 frilled lizards
  3 goblins (D:1)
  8 kobolds
  6 rats
59 creatures vanquished.

Notes
Turn   | Place    | Note
-------+----------+-------------------------------------------
     0 | D:1      | arthad the Gargoyle Fighter began the quest for the Orb.
     0 | D:1      | Reached XP level 1. HP: 14/14 MP: 1/1
   208 | D:1      | Reached XP level 2. HP: 19/19 MP: 2/2
   303 | D:1      | Found Jagoadeomm's Armour Shoppe.
   320 | D:1      | Reached XP level 3. HP: 24/24 MP: 3/3
   512 | D:1      | Found a faded altar of an unknown god.
   930 | D:2      | Noticed Terence
   945 | D:2      | Killed Terence
   946 | D:2      | Reached skill level 4 in Fighting
   946 | D:2      | Reached XP level 4. HP: 11/29 MP: 4/4
  1260 | D:2      | Reached skill level 1 in Dodging
  1507 | D:2      | Found a runed translucent door.
  1508 | D:2      | Noticed Crazy Yiuf
  1517 | D:2      | Mangled by Crazy Yiuf

Illustrated notes

Levels and vault maps discovered:
D:1:      dpeg_cavernosity, layout_basic, basic_ecumenical_altar, serial_shops,
          shop_fountains
D:2:      layout_loops_cross, minmay_misc_feat_chi, uniq_terence,
          uniq_crazy_yiuf_cottage

Skill      XL: |  1  2  3  4 |
---------------+-------------+-----
Axes           | 2 |  2.6
Fighting       | 4 |  4.2
Dodging        | 1 |  1.1
Armour         | |  3.7
Shields        | |  3.7

Action                   |  1- 3 |  4- 6 || total
-------------------------+-------+-------++-------
Melee: War axe           |   101 |    40 ||   141
Throw: Dart              |       |     2 ||     2
  Use: Scroll            |       |     2 ||     2
       Potion            |       |     2 ||     2
Armor: Scale mail        |    50 |    18 ||    68
Dodge: Dodged            |    54 |    25 ||    79
Block: Buckler           |    26 |     9 ||    35

Table legend: (Time is in decaauts)
 A = Elapsed time spent in this place.
 B = Non-inter-level travel time spent in this place.
 C = Inter-level travel time spent in this place.
 D = Time resting spent in this place.
 E = Time spent auto-exploring this place.
 F = Levels seen in this place.
 G = Mean time per level.
                   A        B        C        D        E       F      G
               +--------+--------+--------+--------+--------+-----+--------+
         Total |   1575 |   1517 |     58 |     67 |   1065 |   2 |  787.5 |
       Dungeon |   1575 |   1517 |     58 |     67 |   1065 |   2 |  787.5 |
               +--------+--------+--------+--------+--------+-----+--------+

Top non-repeatable levels by time:
     D:1: 850 daAuts
     D:2: 725 daAuts
